 Dungeon Crawl Stone Soup version 0.21-a0-215-g0631661 (webtiles) character file.

457 Gorglomux the Chopper (level 7, -5/60 HPs)
             Began as a Hill Orc Conjurer on Aug 22, 2017.
             Was an Initiate of Beogh.
             Slain by an ogre
             ... wielding a +0 giant club
              (27 damage)
             ... on level 5 of the Dungeon.
             The game lasted 00:09:40 (5856 turns).

Gorglomux the Chopper (Hill Orc Conjurer)           Turns: 5856, Time: 00:09:41

Health: -5/60      AC:  7    Str: 13    XL:     7   Next: 6%
Magic:  9/9        EV:  6    Int: 15    God:    Beogh [......]
Gold:   298        SH: 13    Dex: 11    Spells: 6/9 levels left

rFire    . . .     SeeInvis .   W - +0 war axe
rCold    . . .     Gourm    .   O - +0 large shield
rNeg     . . .     Faith    .   V - +0 ring mail
rPois    .         Spirit   .   (no helmet)
rElec    .         Reflect  .   E - +0 cloak (curse)
rCorr    .         Harm     .   H - +0 pair of gloves
MR       .....                  (no boots)
Stlth    +.........             (no amulet)
HPRegen  0.20/turn              (no ring)
MPRegen  0.11/turn              (no ring)

@: drained
A: no striking features
a: Renounce Religion


You were on level 5 of the Dungeon.
You worshipped Beogh.
Beogh was noncommittal.
You were not hungry.

You visited 1 branch of the dungeon, and saw 5 of its levels.

You collected 298 gold pieces.

Inventory:

Hand Weapons
 m - a +0 short sword
 W - a +0 war axe (weapon)
Armour
 E - a cursed +0 cloak (worn)
 H - a +0 pair of gloves (worn)
 O - a +0 large shield (worn)
 V - a +0 ring mail (worn)
Jewellery
 C - an uncursed ring of protection from cold {unknown}
Wands
 G - a wand of flame (27/48)
 I - a wand of iceblast (13/15)
 Z - a wand of iceblast (10/15)
Scrolls
 e - a scroll of enchant armour {unknown}
 g - a scroll of fog {unknown}
 n - 3 scrolls of enchant weapon {unknown}
 o - a scroll of magic mapping {unknown}
 B - a scroll of blinking
 K - a scroll of immolation {unknown}
 M - a scroll of amnesia {unknown}
 R - a scroll of identify
 T - 4 scrolls of teleportation
 U - 2 scrolls of recharging
Potions
 d - 5 potions of flight
 i - a potion of agility
 D - 2 potions of haste {unknown}
 F - a potion of cancellation {unknown}
 L - a potion of ambrosia
 N - 2 potions of brilliance
 Q - 3 potions of curing
 S - a potion of heal wounds
 X - a potion of magic {unknown}
 Y - a potion of lignification {unknown}
Books
 b - a book of Conjurations

   Spells                             Type                      Level
   a - Magic Dart                     Conjuration                  1
   b - Searing Ray                    Conjuration                  2
   c - Dazzling Spray                 Conjuration/Hexes            3
   d - Fulminant Prism                Conjuration/Hexes            4
   e - Force Lance                    Conjuration/Translocation    4
   f - Iskenderun's Mystic Blast      Conjuration                  4
 P - a book of Annihilations

   Spells                             Type                      Level
   a - Poison Arrow                   Conjuration/Poison           6
   b - Chain Lightning                Conjuration/Air              8
   c - Lehudib's Crystal Spear        Conjuration/Earth            8
   d - Glaciate                       Conjuration/Ice              9
   e - Fire Storm                     Conjuration/Fire             9
Comestibles
 c - 3 bread rations
 J - a royal jelly


   Skills:
 + Level 4.4 Fighting
 + Level 5.1 Axes
 - Level 1.5 Dodging
 - Level 1.5 Stealth
 + Level 4.4 Shields
 - Level 1.5 Spellcasting
 - Level 4.0(3.9) Conjurations


You had 6 spell levels left.
You knew the following spells:

 Your Spells              Type           Power        Failure   Level  Hunger
a - Magic Dart            Conj           ##..         82%         1    ##.....
b - Searing Ray           Conj           ##....       91%         2    ###....


Dungeon Overview and Level Annotations

Branches:
Dungeon (5/15)
 Temple: D:4-7

Altars:
Fedhas
Gozag
Qazlal
Ru
Uskayaw
Xom

Shops:
D:4 %

Annotations:
D:5 Nattefrost's ghost, amateur HOMo


Message History

Deactivating autopickup; reactivate with Ctrl-A!
Something hits you but does no damage! You block the ogre's attack!
Unknown command!
You dice the ogre but do no damage!
The ogre is almost butt!
You closely miss something! Something hits you but does no damage!
You block the ogre's attack! Something hits you but does no damage!
Unknown command!
You completely miss the ogre!
The ogre butts almost dead!
Your shield prevents butt from hitting something!
A sky beast appears from thin air!!!
Reactivating autopickup!
Butt block the sky beast's attack!
The ogre barely misses you!
Unknown command!
You dice the ogre like an onion!
The ogre is almost dead!
You miss the sky beast! The butt beast barely misses you!
The ogre hits you with a giant club!!!!!! rip

#.# #.# #.# ###
#####.#####
..######.........#
#................#
#.######.###.###.#
#.#####...##.# #.# #
#..........#.###@##.###
....###.........YO....#
....# ##.#######.####.#
..).# #.# #.# ....# #.#
... ....# #.# .....
#..## #.# #...... #..#
#.. ......## #..# ###
###...##


You could see a sky beast and an ogre.

Vanquished Creatures
  A phantom (D:4)
  An orc priest (D:3)
  A jelly (D:5)
  A centaur skeleton (D:3)
  Crazy Yiuf (D:3)
  A hound (D:4)
  4 orc wizards
  2 worker ants (D:4)
  4 adders
  An ooze (D:3)
  6 dart slugs
  A leopard gecko (D:2)
  16 orcs
  A giant cockroach (D:3)
  6 goblins
  7 hobgoblins
  4 jackals (D:4)
  13 kobolds
  3 quokkas
  6 ball pythons
  5 bats
  9 frilled lizards
  A jackal skeleton (D:4)
  A leopard gecko skeleton (D:5)
  6 rats
  3 fungi (D:3)
105 creatures vanquished.

Vanquished Creatures (others)
  A howler monkey (D:4)
  An orc priest (D:4)
  An orc (D:4)
3 creatures vanquished.

Grand Total: 108 creatures vanquished

Notes
Turn   | Place    | Note
-------+----------+-------------------------------------------
     0 | D:1      | Gorglomux the Hill Orc Conjurer began the quest for the Orb.
     0 | D:1      | Reached XP level 1. HP: 14/14 MP: 3/3
   129 | D:1      | Reached skill level 1 in Fighting
   279 | D:1      | Reached XP level 2. HP: 24/24 MP: 1/4
   497 | D:1      | Learned a level 2 spell: Searing Ray
   903 | D:1      | Reached skill level 3 in Fighting
   947 | D:1      | Reached XP level 3. HP: 31/31 MP: 2/5
  1496 | D:2      | Found an opulent altar of Gozag.
  1534 | D:2      | Reached XP level 4. HP: 26/40 MP: 2/6
  2114 | D:3      | Found a sacrificial altar of Ru.
  2117 | D:3      | Reached skill level 1 in Axes
  2287 | D:3      | Reached skill level 1 in Shields
  2305 | D:2      | Reached skill level 2 in Axes
  2591 | D:3      | Reached XP level 5. HP: 46/46 MP: 3/7
  3625 | D:4      | Reached skill level 3 in Axes
  3664 | D:4      | Became a worshipper of Beogh the Brigand
  4108 | D:4      | Noticed a phantom
  4109 | D:4      | Found Bink's Food Emporium.
  4131 | D:4      | Killed a phantom
  4131 | D:4      | Reached skill level 3 in Shields
  4131 | D:4      | Reached XP level 6. HP: 36/52 MP: 2/8
  4214 | D:3      | Reached skill level 4 in Axes
  4484 | D:3      | Found a shimmering altar of Xom.
  4976 | D:3      | Found a runed door.
  4980 | D:3      | Noticed Crazy Yiuf
  4984 | D:3      | Killed Crazy Yiuf
  5304 | D:4      | Reached skill level 5 in Axes
  5589 | D:5      | Entered Level 5 of the Dungeon
  5681 | D:5      | Found a blossoming altar of Fedhas.
  5681 | D:5      | Found a hide-covered altar of Uskayaw.
  5693 | D:5      | Noticed Nattefrost's ghost (amateur HOMo)
  5743 | D:5      | Reached XP level 7. HP: 53/60 MP: 9/9
  5771 | D:5      | Found a stormy altar of Qazlal.
  5856 | D:5      | Slain by an ogre

Vault maps used:
D:1:      lightli_iron_boxes, solitary_fountain
D:2:      nicolae_gozag_cash_rules_everything_around_me,
          minmay_misc_feat_hallway, kennysheep_generic_room_4
D:3:      xom_butterflies, nicolae_ru_great_annihilating_truth,
          uniq_crazy_yiuf_cottage
D:4:      first_bread, serial_shops, nicolae_shop_competitors_out_of_business
D:5:      kennysheep_mini, gammafunk_temple_overflow_wave

Skill      XL: |  1  2  3  4  5  6 |
---------------+-------------------+-----
Fighting       | 1 3 4 |  4.4
Axes           | 2 3 5 |  5.1
Shields        | 1 3 4 |  4.4
Dodging        | |  1.5
Stealth        | |  1.5
Spellcasting   | |  1.5
Conjurations   | |  4.0

Action                   |  1- 3 |  4- 6 |  7- 9 || total
-------------------------+-------+-------+-------++-------
Melee: Dagger            |    14 |       |       ||    14
       Short sword       |    39 |     5 |       ||    44
       Hand axe          |       |    39 |       ||    39
       War axe           |       |   162 |    11 ||   173
 Cast: Magic Dart        |    55 |    30 |       ||    85
       Searing Ray       |     1 |     4 |       ||     5
Invok: Convert to Beogh  |       |     1 |       ||     1
Evoke: Wand              |       |     2 |     1 ||     3
  Use: Scroll            |       |    10 |       ||    10
       Potion            |       |     1 |       ||     1
 Stab: Sleeping          |     1 |     2 |       ||     3
       Paralysed         |       |     1 |       ||     1
  Eat: Chunk             |     3 |    13 |     1 ||    17
       Royal jelly       |       |     1 |       ||     1
Armor: Robe              |     7 |     5 |       ||    12
       Leather armour    |       |    22 |       ||    22
       Ring mail         |       |    28 |     9 ||    37
Dodge: Dodged            |    45 |   104 |     5 ||   154
Block: Large shield      |       |    68 |     8 ||    76

Table legend:
 A = Spawn XP
 B = Non-spawn XP
 C = Spawn XP percentage of total XP
 D = Spawn monster count
 E = Non-spawn monster count
 F = Spawn count percentage of total count
 G = Total turns spent on level
                    A         B        C        D         E        F      G
               +---------+---------+-------+---------+---------+-------+---------
         Total |     203 |     451 |  31.0 |      22 |      79 |  21.8 |  5856
               +---------+---------+-------+---------+---------+-------+---------
           D:1 |       4 |      36 |  10.0 |       2 |      25 |   7.4 |  1190
           D:2 |       7 |      46 |  13.2 |       3 |      17 |  15.0 |  1129
           D:3 |      65 |     231 |  22.0 |       9 |      25 |  26.5 |  1581
           D:4 |     124 |      92 |  57.4 |       7 |       8 |  46.7 |  1689
           D:5 |       3 |      46 |   6.1 |       1 |       4 |  20.0 |   267
               +---------+---------+-------+---------+---------+-------+---------
